 Dungeon Crawl Stone Soup version 0.31.0-32-g396128a36d (webtiles) character file.

Game seed: 15038323670168963065

5784 spaghetti the Summoner (level 10, 0/69 HPs)
             Began as a White Draconian Summoner on Mar 13, 2024.
             Was an Initiate of Gozag.
             Slain by Erolcha
             ... wielding a +0 giant club
              (20 damage)
             ... on level 9 of the Dungeon.
             The game lasted 00:17:57 (12057 turns).

spaghetti the Summoner (White Draconian Summoner)  Turns: 12057, Time: 00:17:58

Health: 0/69       AC:  9    Str: 10    XL:     10   Next: 50%
Magic:  5/17       EV: 12    Int: 21    God:    Gozag
Gold:   1318       SH:  0    Dex: 11    Spells: 5/19 levels left

rFire   . . .        u - +3 spear
rCold   + . .        (no shield)
rNeg    . . .        (body armour unavailable)
rPois   .            (helmet restricted)
rElec   .            t - +1 cloak
rCorr   .            (no gloves)
SInv    .            (no boots)
Will    .....        (no amulet)
Stlth   ++           (no ring)
HPRegen 0.31/turn    (no ring)
MPRegen 0.15/turn

%: no passive effects
@: mighty, gold aura, inugami summoned
A: breathe frost, AC +7, unfitting armour, cold resistance 1, cold-blooded
a: Breathe Frost, Renounce Religion, Potion Petition, Call Merchant, Bribe
Branch


You were on level 9 of the Dungeon.
You worshipped Gozag.
Gozag was most pleased with you.
You visited 1 branch of the dungeon, and saw 9 of its levels.

You collected 1384 gold pieces.
You spent 66 gold pieces at shops.

Inventory:

Hand Weapons
 d - a +0 whip of holy wrath
 u - a +3 spear (weapon)
Armour
 t - a +1 cloak (worn)
Jewellery
 w - a ring of protection from fire
Wands
 i - a wand of iceblast (7)
 l - a wand of flame (9)
 s - a wand of mindburst (17)
 x - a wand of paralysis (10)
Scrolls
 e - a scroll of amnesia
 g - 7 scrolls of teleportation
 h - 3 scrolls of immolation
 j - 2 scrolls of poison
 k - a scroll of fog
 m - a scroll of silence
 n - 2 scrolls of enchant weapon
 o - 2 scrolls of vulnerability
 r - a scroll of noise {unknown}
 v - a scroll of blinking {unknown}
Potions
 a - a potion of magic
 b - 3 potions of curing
 c - a potion of lignification
 f - a potion of invisibility
 p - 2 potions of might
 q - a potion of berserk rage


   Skills:
 - Level 1.7 Dodging
 - Level 1.7 Stealth
 - Level 5.0 Spellcasting
 - Level 6.0 Hexes
 + Level 13.9 Summonings


You had 5 spell levels left.
You knew the following spells:

 Your Spells              Type           Power      Damage    Failure   Level
a - Summon Small Mammal   Summ           100%       N/A       1%          1
b - Call Imp              Summ           100%       N/A       1%          2
c - Call Canine Familiar  Summ           59%        N/A       1%          3
d - Summon Ice Beast      Ice/Summ       34%        N/A       1%          3
e - Summon Mana Viper     Hex/Summ       47%        N/A       4%          5

Your spell library contained the following spells:

 Spells                   Type           Power      Damage    Failure   Level
 Summon Blazeheart Golem  Fire/Summ      34%        N/A       6%          4
 Summon Lightning Spire   Summ/Air       34%        N/A       6%          4
 Dazzling Flash           Conj/Hex       34%        N/A       10%         3
 Sandblast                Erth           10%        2d5       11%         1
 Mercury Vapours          Alch/Air       10%        N/A       16%         2
 Sublimation of Blood     Necr           5%         N/A       16%         2
 Mephitic Cloud           Conj/Alch/Air  5%         N/A       32%         3
 Passwall                 Erth           5%         N/A       32%         3
 Stone Arrow              Conj/Erth      10%        3d7       32%         3
 Volatile Blastmotes      Fire/Tloc      10%        2d10      32%         3
 Brom's Barrelling Bould  Conj/Erth      5%         2d3       71%         4
 Freezing Cloud           Conj/Ice/Air   2%         6-21      96%         5
 Monstrous Menagerie      Summ           29%        N/A       30%         7
 Summon Hydra             Summ           29%        N/A       30%         7
 Summon Horrible Things   Summ           29%        N/A       93%         8
 Malign Gateway           Summ/Tloc      17%        N/A       99%         7
 Starburst                Conj/Fire      2%         6d3       100%        6
 Maxwell's Capacitive Co  Air            2%         ∞         100%        8


Dungeon Overview and Level Annotations

Branches:
Dungeon (9/15)             Temple (0/1) D:5            Lair (0/5) D:9
    Orc: D:9-12

Altars:
Gozag
Nemelex Xobeh
Okawaru
Ru
Sif Muna
Vehumet
Zin
The Shining One

Shops:
D:4 ?   D:6 (

Annotations:
D:4 3 runed translucent doors, Silvore's ghost, amateur MiFi
D:9 Erolcha


Innate Abilities, Weirdness & Mutations

You can breathe waves of freezing cold which knock back foes.
Your icy white scales are hard. (AC +7)
You cannot fit into any form of body armour.
Your flesh is cold resistant. (rC+)
You are cold-blooded and may be slowed by cold attacks.


Message History

You puncture the orc!
You kill the orc!
Your mana viper closely misses the killer bee.
You hear some strange, mumbled words.
A fireball appears from out of thin air!
The fireball explodes!
The fireball engulfs the killer bee!!
The killer bee dies!
The fireball engulfs you! The fireball engulfs your mana viper!!
You hear a shout! x2
Unknown command.
An orc warrior comes into view. It is wielding a +0 long sword.
Your inugami barely misses something.
You see here 6 gold pieces.
Reach: u) +3 spear
Press: ? - help, Dir - move target, f - orc priest
Aim: an orc priest, wielding a +4 dagger (about 38% to evade your +3 spear)
You reach to attack!
You hit the orc priest.
The orc priest is moderately wounded.
Your cerulean imp hits the orc priest from afar with a +1 spear.
You hear some strange, mumbled words.
A fireball appears from out of thin air!
The fireball explodes!
The fireball engulfs you!
* * * LOW HITPOINT WARNING * * *
The fireball engulfs your ice beast!!
Your ice beast melts!
Your ice beast dies!
Your ice beast disappears in a puff of smoke!
The fireball engulfs the orc priest!
The orc priest dies!
The fireball engulfs your inugami!! The fireball engulfs your mana viper!!!
Your mana viper dies!
Your mana viper disappears in a puff of smoke!
The fireball engulfs something!!
Your inugami barely misses something.
You hear a shout!
You puncture something!
You hear some strange, mumbled words.
Something tries to affect you, but you resist.
Your inugami hits something. Something hits you!!
You die...
Your body crumbles into a pile of gold.

#.##...........#.......>'.
. ##.........##...))...##
## ###)....####........#
###)..### ######'###
#....## .# #.##.# ##
####.##.#####...
.......§........
.......h@##.... ...##..5{#
.. ... #..... .........o..
........... ............
.............
..............


You could see an orc warrior, a friendly cerulean imp (summoned) and a friendly
inugami (summoned).

Vanquished Creatures
  A shadow (D:9)
  A centaur (D:7)
  2 wights (D:6)
  5 killer bees
  A hound (D:4)
  A bullfrog skeleton (D:6)
  2 orc wizards (D:9)
  A gnoll (D:8)
  4 adders
  A shadow imp (D:5)
  An ufetubus (D:6)
  A dart slug (D:4)
  3 orcs (D:9)
  3 endoplasms (D:1)
  3 goblins
  3 hobgoblins (D:1)
  3 jackals (D:1)
  3 ball pythons
  3 bats
  3 frilled lizards (D:1)
  3 kobolds
  3 rats
51 creatures vanquished.

Vanquished Creatures (collateral kills)
  Erica (D:8)
  A nameless horror (D:6)
  Grinder (D:5)
  A wyvern (D:9)
  A basilisk (D:9)
  A yak (D:9)
  A steam dragon (D:8)
  2 water moccasins
  4 sky beasts
  An orc warrior (D:8)
  2 black bears
  2 ogres
  2 phantoms
  A centaur (D:8)
  3 kobold brigands
  3 bullfrogs
  6 wights
  10 killer bees
  3 howler monkeys
  A centaur zombie (D:6)
  A bullfrog zombie (D:6)
  4 hounds
  A jelly (D:7)
  A bullfrog skeleton (D:6)
  5 orc priests
  A gnoll bouda (D:7)
  Terence (D:2)
  2 sleepcaps
  4 iguanas
  12 orc wizards
  Ijyb (D:5)
  2 killer bee zombies (D:6)
  6 adders
  8 gnolls (D:8)
  A white imp (D:8)
  An ufetubus (D:6)
  3 dart slugs
  26 orcs
  6 endoplasms
  A giant cockroach (D:1)
  A goblin (D:3)
  2 hobgoblins (D:1)
  12 kobolds
  A quokka (D:2)
  8 ball pythons
  4 bats
  A frilled lizard (D:2)
  A rat (D:1)
164 creatures vanquished.

Vanquished Creatures (others)
  A killer bee (D:9)
  An orc priest (D:9)
2 creatures vanquished.

Grand Total: 217 creatures vanquished

Notes
Turn   | Place    | Note
-------+----------+-------------------------------------------
     0 | D:1      | spaghetti the Draconian Summoner began the quest for the
                  | Orb.
     0 | D:1      | Reached XP level 1. HP: 14/14 MP: 3/3
   194 | D:1      | Reached XP level 2. HP: 19/20 MP: 2/5
   197 | D:1      | Learned a level 2 spell: Call Imp
   978 | D:1      | Reached XP level 3. HP: 26/26 MP: 7/7
   982 | D:1      | Learned a level 3 spell: Call Canine Familiar
  1669 | D:2      | Learned a level 3 spell: Summon Ice Beast
  1886 | D:2      | Reached XP level 4. HP: 32/33 MP: 1/9
  2010 | D:2      | Noticed Terence
  2020 | D:2      | Killed Terence
  2300 | D:2      | Found a faded altar of an unknown god.
  2325 | D:2      | Prayed at the altar of an unknown god.
  2325 | D:2      | Became a worshipper of Gozag Ym Sagoz the Greedy
  3391 | D:4      | Noticed a black bear
  3402 | D:4      | Killed a black bear
  3403 | D:4      | Reached skill level 5 in Summonings
  3403 | D:4      | Reached XP level 5. HP: 38/38 MP: 1/11
  3500 | D:4      | Found Ibyufi's Magic Scroll Emporium.
  3619 | D:4      | Bought 3 scrolls of identify for 66 gold pieces
  3718 | D:4      | Noticed an ogre
  3725 | D:4      | Killed an ogre
  3726 | D:4      | Reached skill level 5 in Spellcasting
  3726 | D:4      | Reached XP level 6. HP: 45/45 MP: 0/13
  3732 | D:4      | Learned a level 5 spell: Summon Mana Viper
  4037 | D:4      | Found a runed translucent gate.
  4044 | D:4      | Found a runed translucent gate.
  4044 | D:4      | Found a runed translucent gate.
  4165 | D:4      | Reached skill level 1 in Hexes
  4353 | D:4      | Noticed Silvore's ghost (amateur MiFi)
  4565 | D:5      | Entered Level 5 of the Dungeon
  4599 | D:5      | Noticed a water moccasin
  4607 | D:5      | Killed a water moccasin
  4608 | D:5      | Reached skill level 6 in Summonings
  4608 | D:5      | Your scales start taking on an icy white colour.
  4608 | D:5      | Reached XP level 7. HP: 50/50 MP: 1/14
  4608 | D:5      | Gained mutation: Your flesh is cold resistant. (rC+) [White
                  | Draconian growth]
  4719 | D:5      | Found a staircase to the Ecumenical Temple.
  4788 | D:5      | Noticed Ijyb
  4800 | D:5      | Killed Ijyb
  4827 | D:5      | Noticed Grinder
  4828 | D:5      | Paralysed by Grinder for 5 turns
  4887 | D:5      | Killed Grinder
  6181 | D:6      | Reached XP level 8. HP: 49/57 MP: 1/15
  6415 | D:6      | Found Istraelo's Weapon Emporium.
  6421 | D:6      | Reached skill level 7 in Summonings
  6444 | D:6      | Noticed a nameless horror
  6449 | D:6      | Killed a nameless horror
  6453 | D:6      | Reached skill level 5 in Hexes
  7266 | D:6      | Reached skill level 8 in Summonings
  8106 | D:7      | Reached skill level 9 in Summonings
  8110 | D:7      | Reached XP level 9. HP: 40/62 MP: 1/16
  8835 | D:7      | Reached skill level 10 in Summonings
  9205 | D:7      | Found a glowing golden altar of the Shining One.
  9206 | D:7      | Found a radiant altar of Vehumet.
  9211 | D:7      | Found a sparkling altar of Nemelex Xobeh.
  9212 | D:7      | Found an iron altar of Okawaru.
  9212 | D:7      | Found a glowing silver altar of Zin.
  9216 | D:7      | Found a shimmering blue altar of Sif Muna.
  9217 | D:7      | Found a sacrificial altar of Ru.
  9728 | D:7      | Reached skill level 11 in Summonings
 10177 | D:8      | Reached skill level 12 in Summonings
 10267 | D:8      | Noticed Erica
 10276 | D:8      | Killed Erica
 10277 | D:8      | Reached XP level 10. HP: 26/69 MP: 2/17
 11343 | D:9      | Reached skill level 13 in Summonings
 11893 | D:9      | Found a staircase to the Lair.
 12040 | D:9      | Noticed Erolcha
 12057 | D:9      | Slain by Erolcha

Illustrated notes

Levels and vault maps discovered:
D:1:      matt_arrival_spirals, layout_basic, minmay_tetromino_t2
D:2:      layout_basic, shapermc_ecumenical_altar_mp_highgroup, hex_tiny,
          uniq_terence
D:3:      layout_basic
D:4:      layout_basic, gammafunk_ghost_necromancy, serial_shops,
          nicolae_shop_crystal
D:5:      layout_basic, minmay_temple_entry_tees, uniq_grinder, uniq_ijyb
D:6:      layout_gridville, serial_shops, nicolae_shop_tiny_glass,
          serial_undead, serial_undead_e, serial_undead_d, serial_undead_a,
          serial_undead_b
D:7:      layout_loops_ring, minitemple, mrwooster_statue_mirror
D:8:      minmay_flawed_box, layout_rooms, uniq_erica
D:9:      layout_roguey, david_lair_generic, erik_orc_4, st_stairs_9,
          uniq_erolcha, uniq_maggie

Skill      XL: |  1  2  3  4  5  6  7  8  9 10 |
---------------+-------------------------------+-----
Spellcasting   | 3 4 5 |  5.0
Summonings     | 5 6 9 12 13 | 13.9
Hexes          | 2 4 6 |  6.0
Dodging        | |  1.7
Stealth        | |  1.7

Action                     |  1- 3 |  4- 6 |  7- 9 | 10-12 || total
---------------------------+-------+-------+-------+-------++-------
  Melee: Unarmed           |    26 |       |       |       ||    26
         Tailslap          |    15 |     6 |    14 |     1 ||    36
         Whip              |    65 |    51 |    82 |       ||   198
         Punch             |     1 |       |     1 |       ||     2
         Spear             |       |       |     3 |    62 ||    65
   Cast: Summon Small Mamm |    19 |     4 |    18 |     3 ||    44
         Call Imp          |    24 |    11 |    22 |     2 ||    59
         Call Canine Famil |     8 |    15 |    29 |     7 ||    59
         Summon Ice Beast  |       |    17 |    40 |    11 ||    68
         Summon Mana Viper |       |       |    40 |    17 ||    57
Ability: Breathe Frost     |       |       |     4 |     2 ||     6
  Evoke: Wand              |       |       |     2 |       ||     2
    Use: Scroll            |     2 |     4 |     6 |       ||    12
         Potion            |       |       |     2 |     3 ||     5
   Stab: Distracted        |     2 |       |     1 |     2 ||     5
         Sleeping          |     1 |     2 |       |       ||     3
 Armour: Skin              |    58 |    34 |   103 |    61 ||   256
  Dodge: Dodged            |    83 |    46 |    80 |    40 ||   249
